 Dungeon Crawl Stone Soup version 0.28-a0-828-g0121872642 (webtiles) character file.

Game seed: 402992033544232935

104814 emperorscorpion the Eclecticist (level 16, -2/105 HPs)
             Began as a Djinni Warper on Nov 9, 2021.
             Was the Champion of Makhleb.
             Constricted to death by a naga warrior (4 damage)
             ... on level 3 of the Snake Pit on Nov 10, 2021.
             The game lasted 02:34:21 (22733 turns).

emperorscorpion the Eclecticist (Djinni Warper)    Turns: 22733, Time: 02:34:21

Health: -2/105     AC: 15    Str: 10    XL:     16   Next: 93%
Gold:   2260       EV: 16    Int: 25    God:    Makhleb [******] SH: 10 Dex: 21

rFire   + + .      SeeInvis +   a - +7 dagger of Fasysuish {drain, Int+3 SInv}
rCold   x . .      Faith    .   Y - +0 kite shield
rNeg    . . .      Spirit   .   h - +3 troll leather armour
rPois   ∞          Reflect  .   f - +2 helmet
rElec   .          Harm     .   w - +0 cloak {rPois}
rCorr   .          Rampage  .   D - +1 pair of gloves
Will    +....                   (boots unavailable)
Stlth   ++++......              (no amulet)
HPRegen 1.27/turn               M - +4 ring of evasion
MPRegen 0.00/turn               Q - +6 ring of dexterity

@: flying, constricted, studying Fighting
A: sickness immunity, fire resistance 2, cold vulnerability 1, float, innate
caster, hp casting, extra vitality 1, clever 1, shaggy fur 1
a: Renounce Religion, Minor Destruction, Lesser Servant of Makhleb, Major
Destruction, Greater Servant of Makhleb


You were on level 3 of the Snake Pit.
You worshipped Makhleb.
Makhleb was exalted by your worship.
You visited 5 branches of the dungeon, and saw 23 of its levels.

You collected 4650 gold pieces.
You spent 2390 gold pieces at shops.

Inventory:

Hand Weapons
 a - the +7 dagger of Fasysuish (weapon) {drain, Int+3 SInv}
   (You found it on level 4 of the Dungeon)

   A truly terrible weapon, it drains the life of any living foe it strikes.
   Int:       It affects your intelligence (+3).
   SInv:      It lets you see invisible.
 b - a +4 short sword of electrocution
 r - the +8 trident "Umostoci" {protect, rF- rCorr Int+4}
   (You found it on level 4 of the Dungeon)

   It grants its wielder temporary protection when it strikes (+7 to AC).
   Int:       It affects your intelligence (+4).
   rF:        It makes you vulnerable to fire.
   rCorr:     It protects you from acid and corrosion.
 s - the +9 short sword of Obsession {pain, rN++ Will- Int+3 Dex+3}
   (You found it on level 4 of the Dungeon)

   In the hands of one skilled in necromantic magic, it inflicts extra damage on
   living creatures.
   Your inability to study Necromancy prevents you from drawing on the full
   power of this weapon.
   Int:       It affects your intelligence (+3).
   Dex:       It affects your dexterity (+3).
   rN:        It greatly protects you from negative energy.
   Will:      It decreases your willpower.
 y - a +6 vampiric trident
 A - the +9 spear "Gram" {holy, Drain rPois SInv}
   (You found it on level 2 of the Snake Pit)

   It has been blessed by the Shining One to cause great damage to the undead
   and demons.
   rPois:     It protects you from poison.
   SInv:      It lets you see invisible.
   Drain:     It drains your maximum health when unequipped.
Missiles
 d - 4 boomerangs of dispersal
 i - 5 javelins
 m - 91 stones
 n - 4 curare-tipped darts
 x - 15 boomerangs (quivered)
 N - 4 atropa-tipped darts
Armour
 f - a +2 helmet (worn)
 h - a +3 troll leather armour (worn)
 w - a +0 cloak of poison resistance (worn)
 D - a +1 pair of gloves (worn)
 I - a scarf of shadows
 Y - a +0 kite shield (worn)
Magical Staves
 k - a staff of conjuration
 T - a staff of poison
Jewellery
 e - a ring of ice
 F - a ring of see invisible
 M - a +4 ring of evasion (left hand)
 P - the ring of Xukug {Fire rCorr MP+9 Str+4 Dex-3}
   (You found it on level 6 of the Lair of Beasts)

   [ring of fire]

   It enhances your fire magic.
   Str:       It affects your strength (+4).
   Dex:       It affects your dexterity (-3).
   rF:        It protects you from fire.
   rC:        It makes you vulnerable to cold.
   MP:        It affects your magic capacity (+9).
   rCorr:     It protects you from acid and corrosion.
 Q - a +6 ring of dexterity (right hand)
 X - a ring of willpower
Wands
 q - a wand of digging (9)
 v - a wand of polymorph (43)
 B - a wand of charming (9)
Scrolls
 c - 2 scrolls of blinking
 j - a scroll of silence
 l - a scroll of holy word
 o - 2 scrolls of fear
 u - 2 scrolls of immolation
 H - 4 scrolls of magic mapping
 O - 6 scrolls of teleportation
 W - 3 scrolls of fog
 Z - 5 scrolls of identify
Potions
 g - a potion of brilliance
 p - 2 potions of mutation
 z - 3 potions of ambrosia
 C - 6 potions of haste
 E - 2 potions of heal wounds
 G - 4 potions of invisibility
 K - 3 potions of berserk rage
 L - 6 potions of curing
 V - a potion of might
Miscellaneous
 t - a phantom mirror
 J - a piece from Xom's chessboard (15/15)
 S - a box of beasts (inert)
 U - a tin of tremorstones (inert)


   Skills:
 + Level 6.8 Fighting
 + Level 7.3(7.5) Short Blades
 + Level 2.7(5.4) Long Blades
 + Level 0.4(0.5) Polearms
 + Level 0.4(0.6) Staves
 + Level 1.8 Throwing
 + Level 5.2 Armour
 + Level 7.8 Dodging
 + Level 8.6 Stealth
 + Level 4.3 Shields
 + Level 17.6 Spellcasting
 * Level 5.4 Invocations
 + Level 2.6 Evocations


You had 9 spell levels left.
You knew the following spells:

 Your Spells              Type           Power      Damage    Failure   Level
a - Sandblast             Erth           100%       2d20      0%          1
b - Lesser Beckoning      Tloc           84%        N/A       1%          3
c - Gell's Gravitas       Tloc           84%        N/A       1%          3
d - Teleport Other        Tloc           84%        N/A       1%          3
e - Manifold Assault      Tloc           84%        N/A       1%          5
f - Ensorcelled Hibernat  Hex/Ice        100%       N/A       0%          2
g - Conjure Flame         Conj/Fire      84%        6-21      1%          3
h - Spider Form           Tmut/Pois      84%        N/A       1%          3
i - Yara's Violent Unrav  Hex/Tmut       42%        3d17      1%          5
j - Agony                 Necr           84%        N/A       1%          5
k - Dispersal             Tloc           42%        N/A       1%          6
B - Blink                 Tloc           100%       N/A       0%          2
Your spell library was empty.

Dungeon Overview and Level Annotations

Branches:
Dungeon (11/15)            Temple (1/1) D:5            Lair (6/6) D:11
  Swamp (0/4) Lair:2        Snake (3/4) Lair:4        Slime (0/5) Lair:5
    Orc (2/2) D:10            Elf (0/3) Orc:2

Altars:
Ashenzari
Cheibriados
Dithmenos
Elyvilon
Fedhas
Gozag
Hepliaklqana
Makhleb
Okawaru
Ru
Trog
Uskayaw
Vehumet
Wu Jian
Xom
Yredelemnul
Zin
The Shining One
Beogh

Shops:
D:4 *   Orc:2 =*[(   Snake:1 *?!:

Annotations:
D:3 3 runed translucent doors, SeagullWaffle's ghost, amateur OpTm
D:7 2 runed translucent doors, Armakuni's ghost, novice HuCj
Lair:1 3 runed translucent doors, exclusion: 2 electric eels, anonymous's ghost, journeyman NaFi


Innate Abilities, Weirdness & Mutations

You are immune to sickness and miasma.
You are immune to poison.
Your flesh is very heat resistant. (rF++)
You are vulnerable to cold. (rC-)
You float through the air rather than walking.
You learn spells naturally, not from books.
Your magical power is your life essence.
You have superior vitality. (+4 HP)
Your mind is acute. (Int +2)
You are covered in fur. (AC +1)


Message History

The naga warrior constricts you.
Casting: Ensorcelled Hibernation (safe; 0% risk of failure)
Confirm with . or Enter, or press ? or * to list all spells.
Aiming: Ensorcelled Hibernation (safe; 0% risk of failure)
Press: ? - help, Shift-Dir - straight line, f/p - naga warrior
Aim: a naga warrior, wielding a +1 trident of freezing (constricting you, chance to affect: 22%)
The naga warrior resists with almost no effort.
You block the naga warrior's attack. The naga warrior constricts you.
Unknown command.
Casting: Ensorcelled Hibernation (safe; 0% risk of failure)
Confirm with . or Enter, or press ? or * to list all spells.
You don't know that spell.
Throw: 15 boomerangs
Press: ? - help, Q - select action, (/) - cycle Shift-Dir - straight line, f/p - naga warrior
Aim: a naga warrior, wielding a +1 trident of freezing (constricting you, 65% to hit)
You throw a boomerang.
The boomerang hits the naga warrior but does no damage.
The naga warrior hits you with a +1 trident of freezing!!
The naga warrior freezes you! The naga warrior constricts you.
Casting: Ensorcelled Hibernation (safe; 0% risk of failure)
Confirm with . or Enter, or press ? or * to list all spells.
Aiming: Ensorcelled Hibernation (safe; 0% risk of failure)
Press: ? - help, Shift-Dir - straight line, f/p - naga warrior
Aim: a naga warrior, wielding a +1 trident of freezing (constricting you, chance to affect: 22%)
The naga warrior resists with almost no effort.
The naga shouts!
The naga warrior hits you but does no damage.
The naga warrior constricts you.
Casting: Ensorcelled Hibernation (safe; 0% risk of failure)
Confirm with . or Enter, or press ? or * to list all spells.
Aiming: Ensorcelled Hibernation (safe; 0% risk of failure)
Press: ? - help, Shift-Dir - straight line, f/p - naga warrior
Aim: a naga warrior, wielding a +1 trident of freezing (constricting you, chance to affect: 22%)
The naga warrior resists with almost no effort.
The naga warrior hits you with a +1 trident of freezing!!
* * * LOW HITPOINT WARNING * * *
The naga warrior freezes you.
* * * LOW HITPOINT WARNING * * *
The naga warrior constricts you.
You die...

##.....#.######......###.#.#.....
#.....+.........................
#.....#.#####......N###>#.......
#.....#.# #.......# #.#...#.#.
#...###.#####.......# #.#....NS
#...+.#.#.....>.....# #.# .....
##...#.#.#.#.#.......# #.# .#.N
.....'..........N...## #.# .#..
##..<#.....#.#.#@#... ..
#####.....#.#.#.#######
#.....†.#.#.#.....#
#..:..#.#.<.......#
###.....#.###.####### #.......#.#
### ####.#.#...#.# .....#.#...#.#
####.#.#...#.#


You could see a naga warrior and a naga.

Vanquished Creatures
  Nikola (Snake:1)
  Gastronok (D:8)
  4 nagarajas (Snake:2)
  2 orc warlords
  Aizul (Snake:2)
  Azrael (Snake:2)
  Snorg (Lair:5)
  A fire dragon (Lair:6)
  A naga warrior (Snake:2)
  3 boulder beetles
  4 hydras
  3 two-headed ogres
  A centaur warrior (D:10)
  13 anacondas
  3 death yaks (Lair:4)
  An orc high priest (Orc:2)
  Urug (Orc:2)
  3 naga sharpshooters
  Sonja (D:10)
  6 spectral anacondas
  10 sea snakes (Snake:2)
  A swamp dragon (Lair:6)
  4 naga ritualists
  5 anaconda skeletons (Snake:1)
  3 orc knights (Orc:2)
  2 anaconda zombies (Snake:1)
  7 mana vipers
  4 orc sorcerers (Orc:2)
  5 salamanders
  3 torpor snails
  Maurice (D:9)
  26 black mambas
  5 naga magi
  A gargoyle (D:10)
  An unseen horror (D:7)
  10 cane toads
  4 rime drakes
  12 komodo dragons
  3 anaconda simulacra (Snake:1)
  A troll (D:11)
  10 polar bears
  3 raiju (Lair:6)
  A hornet (Lair:4)
  5 dream sheep (Lair:6)
  A hornet (shapeshifter) (D:10)
  18 blink frogs
  A shadow (D:10)
  2 fire elementals
  48 yaks
  6 wyverns
  8 basilisks
  A steam dragon (Lair:6)
  11 wargs
  14 water moccasins
  15 hell hounds
  7 nagas
  4 acid dragons
  2 swamp drakes (Lair:6)
  A sky beast (D:5)
  29 orc warriors
  13 black bears
  9 ogres
  23 wolves
  A centaur (D:9)
  3 kobold brigands
  10 bullfrogs
  3 scorpions
  A wyvern zombie (D:9)
  8 wights
  7 killer bees
  2 electric eels (Lair:6)
  A bullfrog zombie (D:6)
  7 centaur zombies
  11 orc priests
  A hound (D:6)
  2 centaur skeletons
  4 iguanas
  18 orc wizards
  7 hell rats (Lair:5)
  Robin (D:1)
  A howler monkey skeleton (D:7)
  10 adders
  A shadow imp (D:8)
  2 white imps
  An ufetubus (D:6)
  An adder skeleton (D:4)
  A dart slug (D:2)
  48 orcs
  5 ball pythons
  6 endoplasms
  3 giant cockroaches
  12 goblins
  8 hobgoblins
  4 jackals (D:1)
  18 kobolds
  5 quokkas
  3 bats
  A frilled lizard (D:3)
  6 rats
  A butterfly (Lair:1)
616 creatures vanquished.

Vanquished Creatures (collateral kills)
  A wraith (D:11)
  An orc warrior (Orc:2)
  An orc priest (Orc:2)
  2 orcs (Orc:2)
5 creatures vanquished.

Vanquished Creatures (others)
  An orc wizard (Orc:2)
  A bush (Lair:4)
  28 fungi
  98 plants
128 creatures vanquished.

Grand Total: 749 creatures vanquished

Notes
Turn   | Place    | Note
-------+----------+-------------------------------------------
     0 | D:1      | emperorscorpion the Djinni Warper began the quest for the
                  | Orb.
     0 | D:1      | Reached XP level 1. HP: 18/18 MP: 0/0
     0 | D:1      | Noticed a minotaur skeleton
   219 | D:1      | Reached XP level 2. HP: 6/23 MP: 0/0
   659 | D:1      | Reached skill level 1 in Throwing
   940 | D:1      | Found a faded altar of an unknown god.
  1164 | D:1      | Reached XP level 3. HP: 26/28 MP: 0/0
  1164 | D:1      | Learned a level 1 spell: Sandblast
  1623 | D:2      | Noticed Robin
  2558 | D:1      | Killed Robin
  2559 | D:1      | Reached XP level 4. HP: 22/33 MP: 0/0
  2814 | D:3      | Reached skill level 3 in Spellcasting
  2814 | D:3      | Reached XP level 5. HP: 39/39 MP: 0/0
  2814 | D:3      | Learned a level 2 spell: Ensorcelled Hibernation
  2816 | D:3      | Found a runed translucent gate.
  2817 | D:3      | Found a runed translucent gate.
  2817 | D:3      | Found a runed translucent gate.
  2819 | D:3      | Noticed SeagullWaffle's ghost (amateur OpTm)
  3234 | D:4      | Found Zanemn's General Store.
  3245 | D:4      | Identified the +9 short sword of Obsession {pain, rN++
                  | Will- Int+3 Dex+3}
  3290 | D:4      | Identified a scroll of acquirement
  3290 | D:4      | Acquired 654 gold pieces
  3386 | D:4      | Reached XP level 6. HP: 34/45 MP: 0/0
  3490 | D:4      | Identified the +8 trident "Umostoci" {protect, rF- rCorr
                  | Int+4}
  3498 | D:4      | Identified the +7 dagger of Fasysuish {drain, Int+3 SInv}
  3512 | D:4      | Noticed a water moccasin
  3522 | D:4      | Killed a water moccasin
  3523 | D:4      | Reached skill level 4 in Spellcasting
  3586 | D:4      | Noticed an ogre
  3591 | D:4      | Killed an ogre
  3592 | D:4      | Reached XP level 7. HP: 41/49 MP: 0/0
  3592 | D:4      | Learned a level 3 spell: Conjure Flame
  3707 | D:4      | Reached skill level 5 in Spellcasting
  3887 | D:5      | Entered Level 5 of the Dungeon
  4083 | D:5      | Found a staircase to the Ecumenical Temple.
  4092 | Temple   | Entered the Ecumenical Temple
  4175 | Temple   | Became a worshipper of Makhleb the Destroyer
  4225 | D:5      | Found a basalt altar of Yredelemnul.
  4690 | D:6      | Reached XP level 8. HP: 43/55 MP: 0/0
  4700 | D:6      | Reached skill level 6 in Spellcasting
  4976 | D:6      | Reached skill level 1 in Short Blades
  5253 | D:7      | Found a large runed translucent door.
  5253 | D:7      | Found a large runed translucent door.
  5267 | D:7      | Noticed Armakuni's ghost (novice HuCj)
  5372 | D:7      | Reached * piety under Makhleb
  5393 | D:7      | Found a snail-covered altar of Cheibriados.
  5395 | D:7      | Found a glowing silver altar of Zin.
  5416 | D:7      | Killed an unseen horror
  5417 | D:7      | Reached skill level 7 in Spellcasting
  5417 | D:7      | Reached XP level 9. HP: 49/61 MP: 0/0
  5417 | D:7      | Learned a level 3 spell: Spider Form
  6314 | D:8      | Noticed a two-headed ogre
  6396 | D:8      | Noticed Gastronok
  6481 | D:8      | Killed a two-headed ogre
  6482 | D:8      | Reached skill level 8 in Spellcasting
  6641 | D:8      | Reached XP level 10. HP: 33/67 MP: 0/0
  6945 | D:8      | Killed Gastronok
  6946 | D:8      | Reached skill level 9 in Spellcasting
  7312 | D:9      | Found a glowing golden altar of the Shining One.
  7313 | D:9      | Noticed Maurice
  7322 | D:9      | Killed Maurice
  7375 | D:9      | Noticed a two-headed ogre
  7382 | D:9      | Killed a two-headed ogre
  7382 | D:9      | Reached ** piety under Makhleb
  7392 | D:9      | Reached skill level 10 in Spellcasting
  7392 | D:9      | Reached XP level 11. HP: 58/74 MP: 0/0
  7392 | D:9      | Learned a level 5 spell: Yara's Violent Unravelling
  7432 | D:9      | Noticed a two-headed ogre
  7437 | D:9      | Killed a two-headed ogre
  7438 | D:9      | Reached skill level 5 in Short Blades
  8113 | D:10     | Entered Level 10 of the Dungeon
  8113 | D:10     | Found a staircase to the Orcish Mines.
  8226 | D:10     | Reached skill level 1 in Stealth
  8302 | D:10     | Noticed a centaur warrior
  8312 | D:10     | Killed a centaur warrior
  8452 | D:10     | Reached skill level 11 in Spellcasting
  8557 | D:10     | Found a shimmering altar of Xom.
  8623 | D:10     | Noticed Sonja
  8629 | D:10     | Killed Sonja
  8671 | D:10     | Reached *** piety under Makhleb
  8957 | D:11     | Noticed a boulder beetle
  9032 | D:11     | Reached skill level 5 in Dodging
  9363 | D:11     | Killed a boulder beetle
  9379 | D:11     | Reached XP level 12. HP: 59/79 MP: 0/0
  9464 | D:11     | Found a staircase to the Lair.
  9867 | Lair:1   | Entered Level 1 of the Lair of Beasts
  9899 | Lair:1   | Reached skill level 1 in Invocations
 10056 | Lair:1   | Noticed a seven-headed hydra
 10069 | Lair:1   | Killed a seven-headed hydra
 10070 | Lair:1   | Reached skill level 12 in Spellcasting
 10070 | Lair:1   | Reached skill level 1 in Evocations
 10194 | Lair:1   | Found a runed translucent gate.
 10194 | Lair:1   | Found a runed translucent gate.
 10194 | Lair:1   | Found a runed translucent gate.
 10928 | Lair:1   | Noticed anonymous's ghost (journeyman NaFi)
 11263 | Lair:2   | Found a staircase to the Swamp.
 11463 | Lair:2   | Noticed a five-headed hydra
 11480 | Lair:2   | Killed a five-headed hydra
 12251 | Lair:3   | Noticed a four-headed hydra
 12268 | Lair:3   | Killed a four-headed hydra
 12578 | Lair:3   | Reached skill level 13 in Spellcasting
 12639 | Lair:3   | Reached **** piety under Makhleb
 12642 | Lair:3   | Reached XP level 13. HP: 85/85 MP: 0/0
 12642 | Lair:3   | Learned a level 5 spell: Agony
 12645 | Lair:3   | Noticed a seven-headed hydra
 12657 | Lair:3   | Killed a seven-headed hydra
 12844 | Lair:3   | Reached skill level 5 in Fighting
 13180 | Lair:4   | Found a staircase to the Snake Pit.
 13193 | Lair:4   | Reached skill level 5 in Stealth
 13491 | Lair:4   | Reached skill level 14 in Spellcasting
 13597 | Lair:4   | Noticed a boulder beetle
 13614 | Lair:4   | Killed a boulder beetle
 14383 | Lair:5   | Reached XP level 14. HP: 92/92 MP: 0/0
 14421 | Lair:5   | Noticed Snorg
 14428 | Lair:5   | Killed Snorg
 14475 | Lair:5   | Reached ***** piety under Makhleb
 14733 | Lair:5   | Found a staircase to the Slime Pits.
 15253 | Lair:6   | Entered Level 6 of the Lair of Beasts
 15578 | Lair:5   | Reached skill level 1 in Shields
 15616 | Lair:6   | Reached skill level 15 in Spellcasting
 16767 | Lair:6   | Identified the ring of Xukug {Fire rCorr MP+9 Str+4 Dex-3}
 16780 | Lair:6   | Reached ****** piety under Makhleb
 17138 | Orc:1    | Entered Level 1 of the Orcish Mines
 17226 | Orc:2    | Entered Level 2 of the Orcish Mines
 17325 | Orc:1    | Noticed an orc warlord
 17348 | Orc:1    | Reached XP level 15. HP: 43/98 MP: 0/0
 17348 | Orc:1    | Learned a level 6 spell: Dispersal
 17782 | Orc:1    | Killed an orc warlord
 18106 | Orc:2    | Noticed Urug
 18143 | Orc:2    | Reached skill level 16 in Spellcasting
 18171 | Orc:2    | Killed Urug
 18281 | Orc:2    | Noticed an orc warlord
 18416 | Orc:2    | Killed an orc warlord
 18508 | Orc:2    | HP: 2/98 [orc knight (5)]
 18616 | Orc:2    | Found Saydwot's General Store.
 18620 | Orc:2    | Found Zorin's Antique Weapon Shoppe.
 18859 | Orc:2    | Found a staircase to the Elven Halls.
 18962 | Orc:2    | Found Puzelaqy's Antique Armour Shoppe.
 18968 | Orc:2    | Bought a glowing scarf for 152 gold pieces
 18978 | Orc:2    | Found Offuff's Jewellery Shoppe.
 19506 | Snake:1  | Entered Level 1 of the Snake Pit
 19569 | Snake:1  | Found Opnillit's General Store.
 19609 | Snake:1  | Found Qiezatwa's Distillery.
 19609 | Snake:1  | Found Gieroe's Magic Scroll Shop.
 19627 | Snake:1  | Found Packin Vuo's Book Boutique.
 19774 | Snake:1  | Bought a potion of heal wounds for 60 gold pieces
 19774 | Snake:1  | Bought a potion of curing for 36 gold pieces
 19774 | Snake:1  | Bought a potion of mutation for 96 gold pieces
 19774 | Snake:1  | Bought a potion of heal wounds for 60 gold pieces
 19774 | Snake:1  | Bought a potion of haste for 120 gold pieces
 19774 | Snake:1  | Bought a potion of haste for 120 gold pieces
 19774 | Snake:1  | Gained mutation: You are covered in fur. (AC +1) [potion of
                  | mutation]
 19774 | Snake:1  | Gained mutation: Your mind is acute. (Int +2) [potion of
                  | mutation]
 19780 | Snake:1  | Bought a wand of digging (4) for 272 gold pieces
 19783 | Snake:1  | Bought a scroll of enchant weapon for 97 gold pieces
 19783 | Snake:1  | Bought a scroll of enchant armour for 97 gold pieces
 19795 | Snake:1  | Bought a manual of Fighting for 1280 gold pieces
 19964 | Snake:1  | Reached skill level 5 in Armour
 19984 | Snake:1  | Acquired 1097 gold pieces
 20514 | Snake:1  | Reached XP level 16. HP: 79/105 MP: 0/0
 20594 | Snake:2  | Noticed Nikola
 20594 | Snake:2  | Noticed a nagaraja
 20620 | Snake:1  | Killed Nikola
 20627 | Snake:1  | Upgraded the game from 0.28-a0-823-gb444dcf96d to
                  | 0.28-a0-828-g0121872642
 20814 | Snake:2  | Reached skill level 17 in Spellcasting
 21393 | Snake:2  | Noticed Aizul
 21408 | Snake:2  | Killed Aizul
 21607 | Snake:2  | Noticed Azrael
 21722 | Snake:2  | Reached skill level 5 in Invocations
 21765 | Snake:2  | Noticed a nagaraja
 21784 | Snake:2  | Killed a nagaraja
 21886 | Snake:2  | Identified the +9 spear "Gram" {holy, Drain rPois SInv}
 21965 | Snake:2  | Killed Azrael
 21984 | Snake:2  | Noticed a nagaraja
 22005 | Snake:2  | Killed a nagaraja
 22179 | Snake:2  | Killed a nagaraja
 22300 | Snake:2  | Noticed a nagaraja
 22318 | Snake:2  | Killed a nagaraja
 22733 | Snake:3  | HP: 3/105 [naga warrior (31)]
 22733 | Snake:3  | Constricted to death by a naga warrior

Illustrated notes

Levels and vault maps discovered:
D:1:      shiori_arrival_whats_in_store_for_you, layout_basic,
          dreamdust_ecumenical_altar_hidden_monk_grotto
D:2:      layout_loops_corners, uniq_robin
D:3:      layout_rooms, ebering_ghost_rock_garden
D:4:      layout_basic, mainiacjoe_overflow_catwalk, serial_shops, shop
D:5:      layout_basic, mainiacjoe_overflow_24_doors,
          minmay_temple_entry_drinking_statues, columned_hall_lemuel
D:6:      layout_basic
D:7:      layout_basic, chequers_temple_overflow_statue_of_worship,
          ebering_ghost_disaster_area
D:8:      layout_loops_corners, uniq_gastronok
D:9:      layout_basic, lemuel_round_altar, uniq_maurice
D:10:     layout_long_grid, xom_butterflies, david_orc_2, minmay_liquid_box,
          library_closet, uniq_sonja
D:11:     layout_irregular_city, grunt_lair_entry_orc_guard_hut
Temple:   regret_index_temple_sphere_string
Lair:1:   layout_layer_cave, gammafunk_ghost_icy, lemuel_fruit_fields,
          serial_bayou_shore_a
Lair:2:   layout_roguey, minmay_swamp_entry_eels, serial_bayou_shore_b
Lair:3:   layout_hall_layers, st_stairs_12, minivault_19,
          chequers_serial_rivers_micro_c, grunt_megastairs_2,
          infiniplex_staircase_pool
Lair:4:   minmay_lair_venomous_thicket, layout_cave_pods,
          minmay_snake_entry_six_corridors
Lair:5:   layout_hall_layers, dpeg_slime_entry_corner, grunt_megastairs_3,
          uniq_snorg
Lair:6:   guppyfry_lair_end_dragon, layout_cave_pods,
          hangedman_lair_caniforms_friends, serial_bayou_ford_a
Snake:1:  layout_misc_corridors, nicolae_snake_dead_anacondas, minmay_shoptagon
Snake:2:  minmay_snake_river, layout_misc_corridors, grunt_megastairs_4,
          serial_bayou_shore_b, uniq_aizul, uniq_nikola, uniq_azrael
Snake:3:  hangedman_cross_veins, layout_basic, uniq_donald
Orc:1:    layout_caves
Orc:2:    grunt_orc_cross, layout_diamond_mine

Skill      XL: |  1  2  3  4  5  6  7  8  9 10 11 12 13 14 15 16 |
---------------+-------------------------------------------------+-----
Throwing       | 1 |  1.8
Long Blades    | 2 |  2.7
Armour         | 2 3 4 5 |  5.2
Spellcasting   | 3 4 5 7 8 10 11 13 14 15 16 17 | 17.6
Dodging        | 3 4 5 6 7 |  7.8
Short Blades   | 2 3 4 5 6 7 |  7.3
Fighting       | 3 4 5 6 |  6.8
Stealth        | 2 4 5 6 7 8 |  8.6
Invocations    | 1 2 5 |  5.4
Evocations     | 1 2 |  2.6
Shields        | 2 3 4 |  4.3
Polearms       | |  0.4
Staves         | |  0.4

Action                   |  1- 3 |  4- 6 |  7- 9 | 10-12 | 13-15 | 16-18 || total
-------------------------+-------+-------+-------+-------+-------+-------++-------
Melee: Falchion          |   111 |     4 |       |       |       |       ||   115
       Staff             |     9 |       |       |       |       |       ||     9
       Short sword       |       |    10 |    90 |     4 |       |       ||   104
       Dagger            |       |       |       |   363 |   585 |   165 ||  1113
       Unarmed           |       |       |       |     7 |     8 |       ||    15
       Trident           |       |       |       |       |     8 |       ||     8
Throw: Boomerang         |     2 |       |       |       |     1 |     4 ||     7
       Javelin           |       |       |       |       |     2 |       ||     2
       Dart              |       |       |       |       |    13 |     4 ||    17
 Cast: Blink             |     1 |       |     4 |    27 |    45 |     7 ||    84
       Sandblast         |       |    73 |    67 |    77 |   434 |    48 ||   699
       Teleport Other    |       |     2 |     1 |     5 |     2 |       ||    10
       Ensorcelled Hiber |       |       |    10 |    52 |   192 |    92 ||   346
       Manifold Assault  |       |       |     7 |   122 |   160 |    38 ||   327
       Gell's Gravitas   |       |       |       |     5 |     8 |       ||    13
       Lesser Beckoning  |       |       |       |     2 |     6 |    15 ||    23
       Yara's Violent Un |       |       |       |     2 |     1 |     6 ||     9
       Conjure Flame     |       |       |       |     2 |     6 |       ||     8
       Spider Form       |       |       |       |     1 |     1 |       ||     2
       Agony             |       |       |       |       |     5 |    44 ||    49
       Dispersal         |       |       |       |       |    16 |     2 ||    18
Invok: Minor Destruction |       |       |       |    11 |     5 |       ||    16
       Lesser Servant of |       |       |       |     1 |     3 |       ||     4
       Major Destruction |       |       |       |       |    10 |     3 ||    13
 Abil: End Transformatio |       |       |       |     1 |     1 |       ||     2
Evoke: Wand              |       |       |       |     6 |    26 |       ||    32
       Piece from Xom's  |       |       |       |     5 |     1 |     1 ||     7
       Tin of tremorston |       |       |       |       |     3 |     3 ||     6
       Box of beasts     |       |       |       |       |     1 |     1 ||     2
  Use: Scroll            |     4 |     3 |     6 |    12 |    11 |       ||    36
       Potion            |       |       |     3 |     3 |     3 |     2 ||    11
 Stab: Sleeping          |       |       |     8 |    36 |   109 |    38 ||   191
       Confused          |       |       |       |       |     1 |       ||     1
Armor: Leather armour    |    28 |       |       |       |       |       ||    28
       Troll leather arm |    22 |    18 |    48 |    94 |   182 |    48 ||   412
       Skin              |       |       |       |     1 |       |       ||     1
Dodge: Dodged            |    79 |    32 |    76 |   137 |   485 |   120 ||   929
Block: Kite shield       |       |       |       |       |   290 |    93 ||   383

Table legend: (Time is in decaauts)
 A = Elapsed time spent in this place.
 B = Non-inter-level travel time spent in this place.
 C = Inter-level travel time spent in this place.
 D = Time resting spent in this place.
 E = Time spent auto-exploring this place.
 F = Levels seen in this place.
 G = Mean time per level.
                   A        B        C        D        E       F      G
               +--------+--------+--------+--------+--------+-----+--------+
         Total |  22695 |  20378 |   2317 |    785 |  14530 |  23 |  986.7 |
       Dungeon |   9933 |   9033 |    900 |    461 |   6889 |  11 |  903.0 |
        Temple |     96 |     84 |     12 |      0 |     69 |   1 |   96.0 |
          Lair |   7406 |   6502 |    904 |    152 |   4814 |   6 | 1234.3 |
     Snake Pit |   3143 |   2814 |    329 |    124 |   1574 |   3 | 1047.7 |
  Orcish Mines |   2114 |   1943 |    171 |     48 |   1184 |   2 | 1057.0 |
               +--------+--------+--------+--------+--------+-----+--------+

Top non-repeatable levels by time:
     D:1: 1861 daAuts
 Snake:2: 1717 daAuts
  Lair:6: 1674 daAuts
   Orc:2: 1578 daAuts
  Lair:4: 1454 daAuts
  Lair:2: 1320 daAuts
 Snake:1: 1255 daAuts
  Lair:1: 1188 daAuts
     D:8: 1033 daAuts
     D:9: 982 daAuts
  Lair:5: 978 daAuts
    D:10: 972 daAuts
     D:2: 935 daAuts
    D:11: 921 daAuts
     D:7: 875 daAuts
